 Dungeon Crawl Stone Soup version 0.17.1-1-g73c8601 (webtiles) character file.

617 stupendous the Shield-Bearer (level 7, -2/56 HPs)
             Began as a Formicid Fighter on Mar 22, 2016.
             Slain by an ogre
             ... wielding a +0 giant spiked club
              (28 damage)
             ... on level 4 of the Dungeon.
             The game lasted 00:09:53 (4485 turns).

stupendous the Shield-Bearer (Formicid Fighter)     Turns: 4485, Time: 00:09:54

Health: -2/56      AC:  9    Str: 22    XL:     7   Next: 74%
Magic:  7/7        EV:  8    Int:  8    God:
Gold:   160        SH: 10    Dex: 10    Spells: 0 memorised, 6 levels left

rFire  . . .     SeeInvis +     a - +0 long sword
rCold  . . .     Clarity  .     b - +0 scale mail
rNeg   + . .     SustAt   .     c - +0 shield
rPois  .         Gourm    +     (helmet unavailable)
rElec  .         Spirit   .     (no cloak)
rCorr  .         Warding  .     (no gloves)
rMut   .         Stasis   +     f - +1 pair of boots
MR     +....                    x - amulet of the gourmand
Stlth  ..........               p - ring of protection from magic
                                E - ring of positive energy

@: somewhat resistant to hostile enchantments, extremely unstealthy
A: permanent stasis, dig shafts and tunnels, four strong arms, antennae 3
a: Dig, Shaft Self


You were on level 4 of the Dungeon.
You were very full.

You visited 1 branch of the dungeon, and saw 4 of its levels.

You collected 160 gold pieces.

Inventory:

Hand Weapons
 a - a +0 long sword (weapon)
Armour
 b - a +0 scale mail (worn)
 c - a +0 shield (worn)
 f - a +1 pair of boots (worn)
 y - a +2 hat
Jewellery
 p - a ring of protection from magic (right hand)
 r - an uncursed ring of ice
 x - an amulet of the gourmand (around neck)
 E - a ring of positive energy (left hand)
Wands
 m - a wand of lightning (5)
 G - a wand of teleportation (4)
Scrolls
 g - a scroll of noise {unknown}
 h - 3 scrolls of identify {unknown}
 i - 2 scrolls of enchant armour {unknown}
 j - a scroll of fog {unknown}
 o - a scroll of enchant weapon {unknown}
 s - 2 scrolls of remove curse {unknown}
 u - 4 scrolls of teleportation {unknown}
 w - a scroll of amnesia {unknown}
Potions
 d - 2 potions of might
 k - a potion of mutation {unknown}
 l - 2 potions of heal wounds
 q - a potion of ambrosia {unknown}
 t - a potion of curing {unknown}
 v - a potion of beneficial mutation {unknown}
 A - a potion of invisibility {unknown}
 C - a potion of cancellation {unknown}
 D - a potion of brilliance {unknown}
 F - a potion of poison {unknown}
Comestibles
 e - 4 bread rations
 n - a meat ration
 z - a beef jerky
 B - a royal jelly


   Skills:
 + Level 5.0 Fighting
 + Level 4.5 Long Blades
 + Level 5.3 Armour
 + Level 6.0 Shields


You had 6 spell levels left.
You didn't know any spells.

Dungeon Overview and Level Annotations

Branches:
Dungeon (4/15)
 Temple: D:4-7

Altars:


Innate Abilities, Weirdness & Mutations

You are under a permanent stasis effect.
You can dig through walls and to a lower floor.
Your four strong arms can wield two-handed weapons with a shield.
You have a pair of large antennae on your head (SInv).


Message History

You block the ogre's attack.
You barely miss the ogre. The ogre barely misses you.
You hit the ogre.
The ogre is lightly wounded.
The ogre misses you.
A worm comes into view.
You hit the ogre.
The ogre is moderately wounded.
You block the ogre's attack.
You barely miss the ogre.
The ogre is moderately wounded.
You hit the ogre.
The ogre is moderately wounded.
The ogre hits you with a giant spiked club!!
Ouch! That really hurt!
You slash the ogre!
The ogre is heavily wounded.
The ogre hits you with a giant spiked club!!
Ouch! That really hurt!
You die...

.. .# .# ### ##.#
##.## #..###.#.##
#########.###.###.##
#............## ##.#
..........###.###.##
#.#######.# #.#@##
..# #.# #O## (.#####
#.# #.#.# ......#
#.# #w# #.#
#.###.###.# #. .#
........... . ...
#####....... ..# ##
#. #.# #.#


You could see an ogre and a worm.

Vanquished Creatures
  Sigmund (D:3)
  A scorpion (D:4)
  A hound (D:3)
  Jessica (D:2)
  Natasha (twice) (D:3 D:4)
  2 worker ants (D:4)
  Robin (D:3)
  4 gnolls (D:4)
  10 adders
  3 worms
  4 giant geckos
  9 orcs (D:3)
  3 ball pythons
  3 bats
  6 giant cockroaches
  16 goblins
  12 hobgoblins
  21 jackals
  4 quokkas
  2 giant newts
  7 kobolds
  8 rats
121 creatures vanquished.

Notes
Turn   | Place    | Note
--------------------------------------------------------------
     0 | D:1      | stupendous the Formicid Fighter began the quest for the Orb.
     0 | D:1      | Reached XP level 1. HP: 18/18 MP: 1/1
    90 | D:1      | Reached XP level 2. HP: 24/24 MP: 2/2
   360 | D:1      | Reached XP level 3. HP: 29/29 MP: 3/3
  1043 | D:2      | Reached skill level 4 in Shields
  1103 | D:2      | Noticed Jessica
  1108 | D:2      | Killed Jessica
  1108 | D:2      | Reached XP level 4. HP: 35/37 MP: 4/4
  1487 | D:1      | Reached XP level 5. HP: 29/42 MP: 5/5
  2284 | D:3      | Noticed Natasha
  2301 | D:3      | Killed Natasha
  2548 | D:3      | Noticed Robin
  2609 | D:3      | Killed Robin
  2611 | D:3      | Reached XP level 6. HP: 34/48 MP: 6/6
  2815 | D:3      | Reached skill level 5 in Shields
  2880 | D:3      | Noticed Sigmund
  2891 | D:3      | Killed Sigmund
  2891 | D:3      | Reached skill level 5 in Armour
  2891 | D:3      | Reached XP level 7. HP: 29/55 MP: 7/7
  3629 | D:4      | Noticed Natasha
  3644 | D:4      | HP: 1/55 [Natasha/magic dart (8)]
  3646 | D:4      | Reached skill level 5 in Fighting
  3653 | D:4      | Killed Natasha
  4273 | D:4      | Reached skill level 6 in Shields
  4485 | D:4      | Slain by an ogre

Action                   |  1- 3 |  4- 6 |  7- 9 || total
-------------------------+-------+-------+-------++-------
Melee: Long sword        |   137 |   299 |   133 ||   569
  Use: Potion            |       |       |     1 ||     1
  Eat: Chunk             |     1 |    15 |     5 ||    21
